 Dungeon Crawl Stone Soup version 0.32-a0-685-g93135e86f0 (webtiles) character file.

Game seed: 2401907125697741890

68 GloriousHammer the Charlatan (level 4, 0/33 HPs)
             Began as a Coglin Artificer on Mar 12, 2024.
             Slain by an adder (2 damage)
             ... on level 2 of the Dungeon on Mar 13, 2024.
             The game lasted 00:03:40 (787 turns).

GloriousHammer the Charlatan (Coglin Artificer)      Turns: 787, Time: 00:03:41

Health: 0/33       AC:  4    Str: 14    XL:     4   Next: 19%
Magic:  4/4        EV: 11    Int: 10    God:
Gold:   55         SH:  0    Dex: 15    Spells: 3/3 levels left

rFire   . . .        i - +0 war axe (elec) {Vikramjeet}
rCold   . . .        f - +0 dagger {Yawen}
rNeg    . . .        b - +0 leather armour
rPois   .            (no helmet)
rElec   .            (no cloak)
rCorr   .            h - +0 pair of gloves
SInv    .            (no boots)
Will    +....        (amulet unavailable)
Stlth   +            (ring unavailable)
HPRegen 0.25/turn    (ring unavailable)
MPRegen 0.09/turn    (no gizmo)

%: no passive effects
@: enlightened, flying, revving
A: off-hand wielding, slow wielding, warmup strikes, no jewellery
a: Invent Gizmo


You were on level 2 of the Dungeon.
You visited 1 branch of the dungeon, and saw 2 of its levels.

You collected 55 gold pieces.

Inventory:

Hand Weapons
 a - a +0 club {Doyun}
 f - a +0 dagger (offhand) {Yawen}
 g - a +0 whip {Tepiltzin}
 i - a +0 war axe of electrocution (weapon) {Vikramjeet}
 j - a +0 spear
Armour
 b - a +0 leather armour (worn)
 h - a +0 pair of gloves (worn)
Wands
 c - a wand of flame (11) (quivered)
 d - a wand of charming (14)
 e - a wand of iceblast (5)
Scrolls
 m - a scroll of teleportation {unknown}


   Skills:
 + Level 1.7 Fighting
 * Level 0.8 Polearms
 + Level 2.3 Armour
 + Level 1.5 Dodging
 - Level 0.7 Stealth
 + Level 5.0 Evocations


You had 3 spell levels left.
You didn't know any spells.
Your spell library was empty.

Dungeon Overview and Level Annotations

Branches:
Dungeon (2/15)

Altars:


Innate Abilities, Weirdness & Mutations

You can wield a second weapon in your off-hand.
It takes a long time for you to wield or remove held weapons.
Your first few attacks do less damage.
You cannot equip rings or amulets.


Message History

The hobgoblin shouts!
Found a sling.
You hit the hobgoblin but do no damage.
You barely miss the hobgoblin with your +0 war axe of electrocution.
The hobgoblin hits you but does no damage.
You barely miss the hobgoblin with your +0 dagger.
You barely miss the hobgoblin with your +0 war axe of electrocution.
The hobgoblin closely misses you.
You hit the hobgoblin with your +0 dagger.
The hobgoblin is heavily wounded.
You hit the hobgoblin with your +0 war axe of electrocution.
You kill the hobgoblin!
You see here a hobgoblin corpse.
You see here a +0 sling.
A hobgoblin comes into view.
A jackal comes into view.
The hobgoblin shouts!
You hear a bark! x2
A jackal comes into view.
You slash the hobgoblin with your +0 war axe of electrocution!
Lightning courses through the hobgoblin!!
You kill the hobgoblin!
A jackal comes into view.
The jackal barks!
The jackal misses you.
You closely miss the jackal with your +0 war axe of electrocution.
You hit the jackal with your +0 dagger.
The jackal bites you but does no damage.
You barely miss the jackal with your +0 war axe of electrocution.
The jackal is almost dead.
You hit the jackal but do no damage. The jackal bites you.
A jackal comes into view.
The jackal bites you.
You completely miss the jackal with your +0 dagger.
The jackal is almost dead.
You closely miss the jackal with your +0 war axe of electrocution.
The jackal barely misses you.
The jackal bites you but does no damage.
You hit the jackal with your +0 dagger.
You kill the jackal!
The jackal barely misses you.
You closely miss the jackal with your +0 war axe of electrocution.
You closely miss the jackal with your +0 dagger.
The jackal closely misses you. The jackal misses you.
You hit the jackal with your +0 dagger.
The jackal is moderately wounded.
You barely miss the jackal with your +0 war axe of electrocution.
The jackal closely misses you.
The jackal bites you but does no damage.
Unknown command.
You hit the jackal with your +0 war axe of electrocution.
Lightning courses through the jackal!!
You kill the jackal!
The jackal bites you but does no damage.
You hit the jackal with your +0 dagger.
The jackal is moderately wounded.
You hit the jackal with your +0 war axe of electrocution.
You kill the jackal!
The jackal closely misses you.
You slash the jackal with your +0 war axe of electrocution!
You kill the jackal!
Things that are here:
a jackal corpse; a jackal corpse An adder comes into view.
Terence the Incautious comes into view.
He is wielding a +0 flail.
Aiming: Throw Flame
Press: ? - help, Shift-Dir - straight line, f - Terence
Aim: Terence, wielding a +0 flail and wearing a +0 ring mail (asleep, 100% to hit)
The puff of flame hits Terence.
Terence is lightly wounded.
Terence shouts!
You hear an angry hiss.
The puff of flame hits Terence.
Terence is lightly wounded.
The puff of flame hits Terence.
Terence is heavily wounded.
The puff of flame hits Terence.
Terence is heavily wounded.
The adder hisses angrily.
You hit Terence with your +0 war axe of electrocution.
Terence is severely wounded.
You hit Terence with your +0 dagger. Terence hits you with a +0 flail.
You hit Terence but do no damage.
Terence is severely wounded.
You hit Terence but do no damage. Terence hits you with a +0 flail.
You hit Terence with your +0 war axe of electrocution.
Terence is almost dead.
You hit Terence but do no damage. Terence hits you with a +0 flail! x2
* * * LOW HITPOINT WARNING * * *
Aiming: Charm
Press: ? - help, Shift-Dir - straight line, f/p - Terence
Aim: Terence, wielding a +0 flail and wearing a +0 ring mail (almost dead, chance to affect: 70%) Terence is charmed.
The adder bites Terence. x2
Terence dies!
Your Evocations skill increases to level 5!
You have reached level 4!
You feel agile.
It was a potion of enlightenment.
You feel very buoyant.
You fly up into the air.
It was a potion of magic.
Magic courses through your body. The adder bites you.
You die...

######### #########
#.......# #.S.....#
#.#####.# #@# #.#
#.#####.#######.##.....
#.##...................
#.##.##.#######.###..S#
#.##.##.# #... .#
#.......# #####
###....## ## ##...####
..##.......#


You could see an adder.

Vanquished Creatures
  A dart slug (D:1)
  4 bats (D:1)
  3 endoplasms
  2 giant cockroaches (D:1)
  3 goblins (D:1)
  3 hobgoblins (D:2)
  11 jackals
  2 kobolds (D:1)
  A quokka (D:1)
  4 ball pythons
  A frilled lizard (D:1)
  3 rats (D:1)
38 creatures vanquished.

Vanquished Creatures (others)
  Terence (D:2)
1 creature vanquished.

Grand Total: 39 creatures vanquished

Notes
Turn   | Place    | Note
-------+----------+-------------------------------------------
     0 | D:1      | GloriousHammer the Coglin Artificer began the quest for the
                  | Orb.
     0 | D:1      | Reached XP level 1. HP: 15/15 MP: 1/1
    49 | D:1      | Reached skill level 1 in Dodging
   103 | D:1      | Reached XP level 2. HP: 20/21 MP: 2/2
   249 | D:1      | Reached XP level 3. HP: 24/26 MP: 3/3
   777 | D:2      | Noticed Terence
   784 | D:2      | HP: 1/26 [Terence/+0 flail (8)]
   785 | D:2      | Your ally Terence died
   786 | D:2      | Reached skill level 5 in Evocations
   786 | D:2      | Reached XP level 4. HP: 1/33 MP: 4/4
   787 | D:2      | Slain by an adder

Illustrated notes

Levels and vault maps discovered:
D:1:      kennysheep_arrival_forest, layout_basic, minmay_statues_item
D:2:      layout_loops_cross, uniq_terence

Skill      XL: |  1  2  3 |
---------------+----------+-----
Dodging        | 1 |  1.5
Armour         | 2 |  2.3
Evocations     | 5 |  5.0
Fighting       | |  1.7
Polearms       | |  0.8
Stealth        | |  0.7

Action                     |  1- 3 |  4- 6 || total
---------------------------+-------+-------++-------
  Melee: Whip              |    21 |       ||    21
         Dagger            |    76 |       ||    76
         War axe           |    63 |       ||    63
  Evoke: Wand              |     5 |       ||     5
    Use: Potion            |       |     2 ||     2
   Stab: Sleeping          |     3 |       ||     3
 Armour: Leather armour    |    59 |     1 ||    60
  Dodge: Dodged            |    49 |       ||    49

Table legend: (Time is in decaauts)
 A = Elapsed time spent in this place.
 B = Non-inter-level travel time spent in this place.
 C = Inter-level travel time spent in this place.
 D = Time resting spent in this place.
 E = Time spent auto-exploring this place.
 F = Levels seen in this place.
 G = Mean time per level.
                   A        B        C        D        E       F      G
               +--------+--------+--------+--------+--------+-----+--------+
         Total |    806 |    762 |     44 |      0 |    388 |   2 |  403.0 |
       Dungeon |    806 |    762 |     44 |      0 |    388 |   2 |  403.0 |
               +--------+--------+--------+--------+--------+-----+--------+

Top non-repeatable levels by time:
     D:1: 553 daAuts
     D:2: 253 daAuts
